 Dungeon Crawl Stone Soup version 0.29.1-14-g9c671dbff4 (webtiles) character file.

Game seed: 15253084221329252221

435052 Wobber the Unseen (level 23, 0/192 HPs)
             Began as an Octopode Transmuter on Feb 14, 2023.
             Was a High Priest of Sif Muna.
             Slain by a vampire knight
             ... wielding a +0 great mace
              (25 damage)
             ... on level 3 of the Depths on Feb 15, 2023.
             The game lasted 05:38:58 (74299 turns).

Wobber the Unseen (Octopode Transmuter)            Turns: 74299, Time: 05:38:58

Health: 0/192      AC: 40    Str: 21    XL:     23   Next: 65%
Magic:  11/36      EV: 23    Int: 23    God:    Sif Muna [*****.]
Gold:   4930       SH: 13    Dex: 19    Spells: 0/48 levels left

rFire   . . .      SeeInvis .     - Unarmed
rCold   . . .      Faith    .   G - +2 buckler
rNeg    + . .      Spirit   .   (helmet restricted)
rPois   ∞          Reflect  +   P - amulet of reflection
rElec   +          Harm     .   e - +4 ring of protection
rCorr   +          Rampage  .   a - +6 ring of strength
Will    ++++.                   A - ring of wizardry
Stlth   ++++++++..              U - ring "Yddol" {*Slow rElec rPois Will+++ MP+9}
HPRegen 0.42/turn               y - +4 ring of protection
MPRegen 0.25/turn               C - +4 ring of protection
                                z - ring of Optimism {rPois rCorr MP-9 Dex+6}
                                k - ring "Ureozugi" {Fly rCorr Str+5 Dex-2}

@: statue-form, flying, studying Long Blades, very slow
A: slow and powerful, torment resistance 1, boosted hp, almost no armour,
amphibious, 8 rings, camouflage 1, (gelatinous body 1), (nimble swimmer 1),
tentacles, low MP 1
}: 3/15 runes: decaying, serpentine, silver
a: End Transformation, Renounce Religion, Channel Magic, Forget Spell, Divine
Exegesis


You were on level 3 of the Depths.
You worshipped Sif Muna.
Sif Muna was extremely pleased with you.
You were a living statue of rough stone.
You visited 8 branches of the dungeon, and saw 40 of its levels.
You visited the Abyss 1 time.
You also visited: Bailey.

You collected 7067 gold pieces.
You spent 2137 gold pieces at shops.

Inventory:

Hand Weapons
 n - a +5 arbalest of freezing
Missiles
 c - 319 stones (quivered)
Armour
 G - a +2 buckler (worn)
Jewellery
 a - a +6 ring of strength (right tentacle)
 e - a +4 ring of protection (left tentacle)
 j - a ring of wizardry
 k - the ring "Ureozugi" (on tentacle) {Fly rCorr Str+5 Dex-2}
   (You bought it in a shop on level 2 of the Orcish Mines)

   [ring of flight]

   Str:       It affects your strength (+5).
   Dex:       It affects your dexterity (-2).
   Fly:       It grants you flight.
   rCorr:     It protects you from acid and corrosion.
 p - an amulet of guardian spirit
 r - a ring of protection from cold
 s - an amulet of magic regeneration
 x - a +6 ring of strength
 y - a +4 ring of protection (on tentacle)
 z - the ring of Optimism (on tentacle) {rPois rCorr MP-9 Dex+6}
   (You found it on level 5 of the Lair of Beasts)

   [ring of dexterity]

   Dex:       It affects your dexterity (+6).
   rPois:     It protects you from poison.
   MP:        It affects your magic capacity (-9).
   rCorr:     It protects you from acid and corrosion.
 A - a ring of wizardry (on tentacle)
 C - a +4 ring of protection (on tentacle)
 M - a ring of magical power
 P - an amulet of reflection (around mantle)
 Q - a +4 ring of evasion
 S - the ring of Giqa {Fly Dex+3}
   (You took it off a deep elf high priest on level 5 of the Vaults)

   [ring of flight]

   Dex:       It affects your dexterity (+3).
   Fly:       It grants you flight.
 U - the ring "Yddol" (on tentacle) {*Slow rElec rPois Will+++ MP+9}
   (You found it on level 10 of the Dungeon)

   [ring of magical power]

   rElec:     It insulates you from electricity.
   rPois:     It protects you from poison.
   MP:        It affects your magic capacity (+9).
   *Slow:     It may slow you when you take damage.
   Will:      It greatly increases your willpower.
Wands
 f - a wand of flame (66)
 o - a wand of digging (28)
 t - a wand of quicksilver (40)
 u - a wand of paralysis (35)
 E - a wand of mindburst (27)
 F - a wand of iceblast (30)
 R - a wand of polymorph (21)
Scrolls
 d - 15 scrolls of teleportation
 g - 3 scrolls of enchant armour
 h - 2 scrolls of poison
 v - 3 scrolls of fear
 B - 2 scrolls of enchant weapon
 I - 8 scrolls of fog
 J - 11 scrolls of blinking
 W - 6 scrolls of amnesia
 X - 3 scrolls of silence
 Z - 5 scrolls of magic mapping
Potions
 b - 2 potions of ambrosia
 i - 2 potions of berserk rage
 m - 10 potions of curing
 q - 10 potions of might
 w - 7 potions of haste
 D - 12 potions of lignification
 H - 4 potions of resistance
 K - 2 potions of heal wounds
 L - 7 potions of cancellation
 N - 3 potions of magic
 O - 6 potions of brilliance
 V - a potion of invisibility
 Y - 6 potions of mutation


   Skills:
 - Level 10.2 Fighting
 + Level 16.0 Dodging
 - Level 17.4 Stealth
 - Level 4.3 Shields
 + Level 16.8 Unarmed Combat
 + Level 13.3 Spellcasting
 - Level 5.3 Hexes
 + Level 16.2 Summonings
 + Level 17.0 Transmutations
 - Level 6.3 Ice Magic
 - Level 3.4 Air Magic
 * Level 10.0 Earth Magic
 - Level 6.0 Poison Magic
 - Level 11.6 Invocations
 - Level 4.5 Evocations


You couldn't memorise any spells.
You knew the following spells:

 Your Spells              Type           Power      Damage    Failure   Level
a - Statue Form           Tmut/Erth      44%        N/A       1%          6
b - Summon Cactus Giant   Summ           37%        N/A       1%          6
c - Passwall              Tmut/Erth      55%        N/A       1%          2
d - Ice Form              Ice/Tmut       62%        N/A       1%          4
e - Summon Lightning Spi  Summ/Air       57%        N/A       1%          4
f - Summon Mana Viper     Hex/Summ       59%        N/A       1%          5
g - Dragon Form           Tmut           38%        N/A       1%          7
h - Monstrous Menagerie   Summ           37%        N/A       2%          7
i - Summon Hydra          Summ           37%        N/A       2%          7

Your spell library contained the following spells:

 Spells                   Type           Power      Damage    Failure   Level
 Beastly Appendage        Tmut           100%       N/A       0%          1
 Summon Small Mammal      Summ           100%       N/A       0%          1
 Call Imp                 Summ           74%        N/A       0%          2
 Wereblood                Tmut           76%        N/A       0%          2
 Call Canine Familiar     Summ           74%        N/A       0%          3
 Apportation              Tloc           30%        N/A       1%          1
 Freeze                   Ice            100%       1d11      1%          1
 Magic Dart               Conj           60%        1d6       1%          1
 Necrotise                Necr           60%        1d7       1%          1
 Sandblast                Erth           100%       2d20      1%          1
 Shock                    Conj/Air       92%        1d8       1%          1
 Slow                     Hex            100%       N/A       1%          1
 Sting                    Tmut/Pois      100%       1d8       1%          1
 Ensorcelled Hibernation  Hex/Ice        84%        N/A       1%          2
 Poisonous Vapours        Pois/Air       74%        N/A       1%          2
 Static Discharge         Conj/Air       23%        3-6/arc   1%          2
 Confusing Touch          Hex            39%        N/A       1%          3
 Frozen Ramparts          Ice            88%        1d14      1%          3
 Ignite Poison            Fire/Tmut/Pois 50%        N/A       1%          3
 Mephitic Cloud           Conj/Pois/Air  29%        N/A       1%          3
 Ozocubu's Armour         Ice            44%        N/A       1%          3
 Spider Form              Tmut/Pois      62%        N/A       1%          3
 Stone Arrow              Conj/Erth      76%        3d11      1%          3
 Summon Guardian Golem    Hex/Summ       59%        N/A       1%          3
 Swiftness                Air            31%        N/A       1%          3
 Tukima's Dance           Hex            39%        N/A       1%          3
 Leda's Liquefaction      Hex/Erth       25%        N/A       1%          4
 Olgreb's Toxic Radiance  Pois           43%        N/A       1%          4
 Petrify                  Tmut/Erth      67%        N/A       1%          4
 Summon Ice Beast         Ice/Summ       61%        N/A       1%          4
 Alistair's Intoxication  Tmut/Pois      41%        N/A       1%          5
 Blade Hands              Tmut           38%        N/A       1%          5
 Irradiate                Conj/Tmut      26%        3d20      1%          5
 Lee's Rapid Deconstruct  Erth           28%        3d16*     1%          5
 Summon Forest            Summ/Tloc      25%        N/A       1%          5
 Yara's Violent Unravell  Hex/Tmut       30%        3d13      1%          5
 Dazzling Flash           Conj/Hex       54%        N/A       2%          3
 Inner Flame              Hex/Fire       27%        N/A       2%          3
 Portal Projectile        Hex/Tloc       54%        N/A       2%          3
 Cause Fear               Hex            19%        N/A       2%          4
 Eringya's Noxious Bog    Tmut/Pois      31%        N/A       2%          6
 Searing Ray              Conj           30%        2d5       3%          2
 Metabolic Englaciation   Hex/Ice        21%        N/A       5%          5
 Gell's Gravitas          Tloc           15%        N/A       6%          3
 Lesser Beckoning         Tloc           15%        N/A       6%          3
 Teleport Other           Tloc           15%        N/A       6%          3
 Vampiric Draining        Necr           15%        2d7       6%          3
 Corpse Rot               Necr/Pois/Air  29%        N/A       6%          4
 Hailstorm                Conj/Ice       29%        3d8       6%          4
 Anguish                  Hex/Necr       13%        N/A       7%          4
 Fulminant Prism          Conj/Hex       13%        3d9       7%          4
 Borgnjor's Vile Clutch   Necr/Erth      19%        N/A       8%          5
 Silence                  Hex/Air        17%        N/A       10%         5
 Freezing Cloud           Conj/Ice/Air   15%        6-21      16%         5
 Summon Horrible Things   Summ           37%        N/A       17%         8
 Animate Dead             Necr           15%        N/A       21%         4
 Dispel Undead            Necr           15%        3d10      21%         4
 Passage of Golubria      Tloc           15%        N/A       21%         4
 Sticky Flame             Conj/Fire      15%        2d4       21%         4
 Lightning Bolt           Conj/Air       11%        1d24      26%         5
 Storm Form               Tmut/Air       29%        N/A       26%         7
 Iron Shot                Conj/Erth      19%        9d4       36%         6
 Agony                    Necr           15%        N/A       45%         5
 Fireball                 Conj/Fire      7%         3d5       45%         5
 Haunt                    Necr/Summ      25%        N/A       50%         7
 Malign Gateway           Summ/Tloc      25%        N/A       50%         7
 Spellforged Servitor     Conj/Summ      25%        N/A       50%         7
 Simulacrum               Ice/Necr       14%        N/A       61%         6
 Ozocubu's Refrigeration  Ice            22%        4d12      75%         7
 Conjure Ball Lightning   Conj/Air       11%        3x3d6     80%         6
 Dragon's Call            Summ           37%        N/A       92%         9
 Death Channel            Necr           7%         N/A       95%         6
 Dispersal                Tloc           7%         N/A       95%         6
 Starburst                Conj/Fire      7%         6d4       95%         6
 Necromutation            Tmut/Necr      26%        N/A       98%         8
 Borgnjor's Revivificati  Necr           7%         N/A       100%        8
 Discord                  Hex            19%        N/A       100%        8
 Disjunction              Tloc           7%         N/A       100%        8
 Ignition                 Fire           7%         3d5       100%        8
 Infestation              Necr           7%         N/A       100%        8
 Lehudib's Crystal Spear  Conj/Erth      19%        10d6      100%        8
 Maxwell's Capacitive Co  Air            15%        ∞         100%        8
 Chain Lightning          Conj/Air       11%        3d15      100%        9
 Death's Door             Necr           7%         N/A       100%        9
 Fire Storm               Conj/Fire      7%         8d2       100%        9
 Polar Vortex             Ice            22%        N/A       100%        9
 Shatter                  Erth           28%        3d24*     100%        9
 Animate Armour           Summ/Erth      Unusable   N/A       N/A         4

Dungeon Overview and Level Annotations

Branches:
Dungeon (15/15)            Temple (1/1) D:4            Lair (5/5) D:10
  Swamp (4/4) Lair:2        Snake (4/4) Lair:2        Slime (0/5) Lair:4
    Orc (2/2) D:10            Elf (0/3) Orc:2        Vaults (5/5) D:13
  Crypt (0/3) Vaults:2     Depths (4/4) D:15         Bailey (visited)
    Zot: Depths:4

Altars:
Ashenzari
Cheibriados
Dithmenos
Elyvilon
Fedhas
Gozag
Hepliaklqana
Kikubaaqudgha
Makhleb
Nemelex Xobeh
Okawaru
Qazlal
Ru
Sif Muna
Trog
Uskayaw
Vehumet
Wu Jian
Xom
Yredelemnul
Zin
The Shining One
Jiyva
Lugonu

Shops:
D:5 (=   D:12 =   D:15 [   Orc:2 ([*=   Snake:1 (   Snake:2 *   Vaults:1 *
Vaults:2 ?   Depths:1 *

Portals:
Hell: Depths:1 Depths:2 Depths:3
Abyss: Lair:5 Depths:3
Pandemonium: Depths:2
Ziggurat: Depths:2

Annotations:
Lair:1 3 runed translucent doors, AverageBear's ghost, journeyman DsFi; DemonSlayer's ghost, journeyman DsEE; Palms's ghost, journeyman GnWn; scisormetimb3rs's ghost, novice PaFi
Lair:3 exclusion: ice statue
Lair:4 exclusion: 2 oklob plants
Vaults:1 3 runed translucent doors, Bailed's ghost, veteran MiMo


Innate Abilities, Weirdness & Mutations

You are a living statue of rough stone.
Your actions are slow, but your melee attacks are powerful.
You are resistant to unholy torment.
Your maximum health is greatly increased.
You are immune to poison.
You cannot wear most types of armour.
You are amphibious.
You can wear up to eight rings at the same time.
Your skin changes colour to match your surroundings (Stealth+).
((Your rubbery body absorbs attacks. (AC +1, EV +1)))
((You are camouflaged when in or above water. (Stealth+)))
You have tentacles for arms and can constrict up to eight enemies at once.
Your magical capacity is low. (-10% MP)


Message History

The vampire knight hits you with a +1 dire flail!
* * * LOW HITPOINT WARNING * * *
The vampire knight bites you.
* * * LOW HITPOINT WARNING * * *
You block the vampire knight's attack. x2
Okay, then.
Blink to where?
Press: ? - help, Dir - move target, f - you
Okay, then.
The vampire knight attacks as you move away!
The vampire knight hits you with a +1 dire flail.
* * * LOW HITPOINT WARNING * * *
You block the vampire knight's attack. The vampire knight misses you.
You block the vampire knight's attack. The vampire knight misses you.
The vampire knight bites you but does no damage.
The vampire knight hits you but does no damage.
The vampire knight bites you but does no damage.
Blink to where?
Press: ? - help, Dir - move target
As you read the scroll of blinking, it crumbles to dust.
Your manticore bites the vampire knight!
Your manticore claws the vampire knight!
Your manticore claws the vampire knight but does no damage.
The vampire knight hits your manticore with a +0 great mace!!
The vampire knight barely misses your manticore.
Your manticore closely misses the vampire knight.
Your manticore claws the vampire knight but does no damage. x2
Something hits your manticore!! Something bites your manticore!
Your manticore dies!
Your manticore's corpse disappears in a puff of smoke!
The vampire knight gestures at you while chanting.
The vampire knight blinks!
The vampire knight attacks as you move away!
The vampire knight misses you.
The vampire knight bites you but does no damage.
The vampire knight misses you.
The vampire knight bites you but does no damage.
The vampire knight attacks as you move away!
The vampire knight hits you with a +0 great mace!!
You die...

#...#...........# ##...~.........
#..###.......)))###..~~~~~~......
...#>#......<[).##.~≈≈≈~≈≈≈......
..##.##.......))##..≈#≈~≈#≈~.....
..#...#...........~~≈≈≈~≈≈≈~~....
.##.).##...........~~~~<~~~~.....
.#.....#..........~~≈≈≈~≈≈≈~~....
##...[.##...........≈#≈~≈#≈......
#.....).#...####8...≈≈≈~≈≈≈......
#)....).##..####V...~~~~~~~......
......)..#.....V...#...~......(..
####)######..V##.................
.........>#..#########...........
..........##§# #.......####
.........<#DV# #.......#
####'######..##### #.).....#
.........#...#...# #.......#


You could see 2 vampire knights.

Vanquished Creatures
  2 dread liches (Vaults:5)
  2 ancient liches (Vaults:5)
  Bai Suzhen (Vaults:4)
  Saint Roka (Vaults:1)
  A caustic shrike (Depths:3)
  Jory (Vaults:4)
  A golden dragon (Vaults:5)
  Jorgrun (D:15)
  4 tentacled monstrosities
  2 liches
  Asterion (Vaults:2)
  5 titans (Vaults:5)
  A walking earthen tome (Depths:2)
  A tentacled starspawn (Abyss:2)
  3 sphinxes
  A thorn hunter (Swamp:2)
  4 shadow dragons
  4 storm dragons
  2 tengu reavers (Vaults:5)
  Donald (Vaults:4)
  6 fire giants
  A fenstrider witch (Swamp:4)
  4 nagarajas (Snake:4)
  2 frost giants
  A ghoul (Swamp:2)
  A balrug (Depths:2)
  A cacodemon (Abyss:2)
  14 vault wardens
  4 orc warlords
  17 ironbound preservers
  A spriggan defender (Depths:3)
  10 stone giants
  9 very ugly things
  3 war gargoyles (Vaults:5)
  2 vampire knights (Depths:3)
  7 ironbound thunderhulks
  The ghost of fitz the Severer, a journeyman HOFi of Hepliaklqana (Lair:3)
  A deep elf annihilator (Vaults:5)
  2 eleionomae
  5 bunyips
  17 dire elephants
  A deep elf demonologist (Vaults:5)
  4 entropy weavers
  5 ettins
  2 crystal guardians
  10 yaktaur captains
  A shambling mangrove (Swamp:4)
  An ice dragon (shapeshifter) (Depths:2)
  2 great orbs of eyes (shapeshifter)
  3 jiangshi (Depths:1)
  7 fire dragons
  Harold (D:10)
  13 hydras
  9 great orbs of eyes
  2 ice dragons
  3 boulder beetles
  2 rakshasas
  26 vault guards
  A spriggan air mage (Depths:2)
  Fannar (Orc:1)
  4 ghost crabs
  6 salamander tyrants
  The ghost of leafyfresh the Covert, a journeyman OpTm of Ashenzari (D:12)
  Erica (Orc:2)
  3 peacekeepers
  An ogre mage (Vaults:4)
  A death knight (D:11)
  2 two-headed ogres
  13 anacondas
  4 ironbound frosthearts
  4 alligators (Swamp:3)
  9 naga warriors
  4 thrashing horrors
  A deep troll shaman (Depths:1)
  16 centaur warriors
  4 death yaks
  11 naga sharpshooters
  A deep troll earth mage (D:11)
  4 tengu warriors
  2 orc high priests (Orc:2)
  3 spriggan berserkers
  4 vampire magi
  7 shock serpents
  3 sun demons
  7 skeletal warriors
  A deep elf knight (Swamp:2)
  A fire crab (Swamp:4)
  15 hell knights
  A wretched star (Abyss:2)
  8 salamander mystics
  A shadow wraith (Vaults:4)
  A sixfirhy (Abyss:2)
  3 iron trolls (Depths:1)
  28 deep trolls
  6 goliath frogs
  5 spriggan druids
  10 swamp dragons (Swamp:4)
  2 flayed ghosts
  6 naga ritualists
  A shadow demon (Abyss:2)
  A shadow dragon zombie (Vaults:2)
  6 lindwurms
  A glowing orange brain (Depths:2)
  6 bog bodies
  12 ironbound convokers
  4 necromancers
  5 wizards
  3 phantasmal warriors
  8 large abominations
  Pikel (D:6)
  A sphinx zombie (Vaults:5)
  6 orc knights
  A tengu zombie (Vaults:5)
  7 harpies
  2 deep elf pyromancers
  A stone giant zombie (Vaults:2)
  9 mana vipers
  4 orc sorcerers
  A cyclops (D:15)
  A wolf spider (Lair:2)
  15 salamanders
  A wolf spider (shapeshifter) (Vaults:5)
  4 will-o-the-wisps
  16 ugly things
  A manticore (D:11)
  A dire elephant zombie (Abyss:2)
  5 elephants
  A human skeleton (Vaults:2)
  Maurice (D:10)
  23 vault sentinels
  5 smoke demons
  3 torpor snails
  25 black mambas
  2 molten gargoyles (Swamp:4)
  10 guardian serpents
  11 naga magi
  A titan simulacrum (Vaults:2)
  3 gargoyles
  Maggie (D:7)
  10 komodo dragons
  16 cane toads
  A hellion (Abyss:2)
  2 rime drakes
  28 yaktaurs
  Psyche (D:10)
  2 kobold demonologists
  A freezing wraith (Vaults:5)
  6 ancient zymes
  4 tengu conjurers
  An efreet (Abyss:2)
  2 burning bushes (Lair:5)
  8 tyrant leeches
  A bloated husk (Swamp:2)
  A hornet (shapeshifter) (D:11)
  11 hornets
  8 trolls
  3 polar bears
  Grinder (D:3)
  A dream sheep (shapeshifter) (Depths:2)
  6 dream sheep
  10 blink frogs
  A stone giant simulacrum (Vaults:2)
  A human simulacrum (Vaults:5)
  28 slime creatures
  Sigmund (D:3)
  11 spriggans
  A culicivora (Vaults:4)
  3 wraiths
  25 yaks
  2 ynoxinuls (Abyss:2)
  21 starcursed masses (Abyss:2)
  5 wyverns
  4 water elementals
  A yak (shapeshifter) (D:11)
  4 vampires
  8 small abominations
  5 basilisks
  Eustachio (D:6)
  6 redbacks
  2 chaos spawn (Abyss:2)
  A neqoxec (Abyss:2)
  4 steam dragons (Swamp:4)
  A fire elemental (Swamp:4)
  10 vampire mosquitoes
  Edmund (D:6)
  An elf skeleton (Vaults:5)
  6 wargs
  2 acid dragons
  9 swamp worms
  29 nagas
  12 water moccasins
  3 nameless horrors
  27 orc warriors
  An ice beast (D:7)
  A sky beast (D:7)
  A black bear (Lair:3)
  8 swamp drakes
  A human zombie (Vaults:2)
  7 boggarts
  4 ogres
  11 wolves
  9 centaurs
  A lemure (D:6)
  2 kobold brigands
  13 bullfrogs
  2 scorpions
  A gnoll sergeant (D:8)
  10 wights
  17 killer bees
  6 vampire bats (Bailey)
  6 wolf zombies (Bailey)
  4 howler monkeys
  3 lava snakes (D:13)
  2 jellies (D:5)
  3 hounds
  A gnoll bouda (D:9)
  12 orc priests
  Jessica (D:2)
  14 orc wizards
  14 gnolls
  19 orc zombies (Bailey)
  5 adders
  A white imp (Abyss:2)
  2 ufetubi
  3 worms
  3 dart slugs
  38 orcs
  4 ball pythons
  7 bats
  4 endoplasms
  A giant cockroach (shapeshifter) (Vaults:5)
  A giant cockroach (D:4)
  5 hobgoblins
  13 jackals
  12 kobolds
  3 quokkas
  3 frilled lizards
  7 goblins
  9 rats
  A briar patch (Swamp:2)
1312 creatures vanquished.

Vanquished Creatures (collateral kills)
  A tentacled monstrosity (Depths:3)
  2 quicksilver dragons
  A sphinx (Vaults:4)
  2 tengu reavers
  2 orc warlords
  2 vault wardens (Vaults:5)
  2 very ugly things (Depths:2)
  2 stone giants
  An ironbound preserver (Vaults:2)
  A spriggan defender (Depths:3)
  3 ironbound thunderhulks
  2 eleionomae
  A deep elf demonologist (Vaults:1)
  2 bunyips (Swamp:2)
  6 dire elephants
  3 ettins
  A great orb of eyes (Vaults:3)
  A yaktaur captain (Vaults:4)
  3 deep elf high priests (Vaults:5)
  3 rakshasas
  7 hydras
  4 vault guards (Vaults:4)
  2 ogre magi
  3 ironbound frosthearts
  2 centaur warriors (D:15)
  2 two-headed ogres
  An alligator (Swamp:2)
  4 tengu warriors
  A thrashing horror (Lair:5)
  2 spriggan berserkers
  2 naga sharpshooters (Snake:3)
  2 orc high priests (Orc:2)
  A sun demon (Depths:3)
  3 swamp dragons
  An iron troll (Depths:1)
  A flayed ghost (Depths:2)
  2 goliath frogs (Swamp:1)
  A spriggan druid (Swamp:3)
  4 deep trolls
  A naga ritualist (Snake:4)
  A bog body (Swamp:2)
  A lindwurm (Swamp:4)
  An ironbound convoker (Vaults:5)
  A necromancer (Vaults:2)
  A deep elf pyromancer (D:13)
  3 harpies (Vaults:3)
  A mana viper (Snake:4)
  5 ugly things
  5 orc knights
  A manticore (D:12)
  10 salamanders
  3 orc sorcerers (Orc:2)
  A wolf spider (D:15)
  2 cyclopes
  A vault sentinel (Vaults:2)
  A guardian serpent (Snake:3)
  7 naga magi
  6 black mambas
  2 smoke demons (Lair:5)
  2 cane toads
  7 yaktaurs (Vaults:4)
  A kobold demonologist (D:12)
  A komodo dragon (D:13)
  An efreet (D:15)
  An ancient zyme (Lair:5)
  A burning bush (Lair:5)
  2 trolls
  A polar bear (Lair:3)
  2 hornets
  3 slime creatures
  5 small abominations (Lair:5)
  A blink frog (Lair:5)
  A jumping spider (Vaults:3)
  10 dream sheep
  4 spriggans
  A water elemental (D:15)
  A wyvern (Lair:3)
  2 ynoxinuls (Lair:5)
  A vampire (Vaults:2)
  5 yaks
  2 basilisks
  5 vampire mosquitoes
  2 chaos spawn
  A steam dragon (Swamp:4)
  3 swamp worms
  4 wargs
  18 nagas
  2 water moccasins
  20 orc warriors
  3 ogres
  A wolf (Lair:3)
  2 boggarts (D:14)
  8 centaurs
  2 bullfrogs (Lair:3)
  A scorpion (Lair:3)
  A necrophage (Swamp:2)
  A killer bee (D:11)
  A killer bee (shapeshifter) (Vaults:5)
  An electric eel (Lair:3)
  2 lava snakes (D:13)
  8 orc priests (Orc:2)
  14 orc wizards (Orc:2)
  32 orcs
  2 kobolds (D:12)
  A butterfly (Lair:4)
330 creatures vanquished.

Vanquished Creatures (others)
  A fire giant (Depths:2)
  2 goliath frogs (Swamp:2)
  A salamander (Snake:3)
  2 bloated husks
  A spriggan (Swamp:3)
  A steam dragon (Swamp:4)
  A swamp drake (Swamp:4)
  An orc wizard (D:10)
  An orc (Orc:2)
  2 briar patches (Swamp:2)
  28 foxfires
  13 fungi
  A lurking horror (Abyss:2)
  19 plants
  2 withered plants (Lair:1)
76 creatures vanquished.

Grand Total: 1718 creatures vanquished

Notes
Turn   | Place    | Note
-------+----------+-------------------------------------------
     0 | D:1      | Wobber the Octopode Transmuter began the quest for the Orb.
     0 | D:1      | Reached XP level 1. HP: 13/13 MP: 3/3
   191 | D:1      | Reached XP level 2. HP: 7/18 MP: 3/5
   916 | D:1      | Reached XP level 3. HP: 23/23 MP: 6/6
   962 | D:1      | Found a faded altar of an unknown god.
  1345 | D:1      | Learned a level 3 spell: Spider Form
  1348 | D:2      | Found a bloodstained altar of Trog.
  1638 | D:2      | Noticed Jessica
  1644 | D:2      | Killed Jessica
  1645 | D:2      | Reached skill level 1 in Poison Magic
  1645 | D:2      | Reached XP level 4. HP: 28/28 MP: 5/7
  1720 | D:2      | Found a sacrificial altar of Ru.
  1912 | D:2      | Became a worshipper of Ru the Awakened
  2275 | D:3      | Noticed Sigmund
  2702 | D:3      | Killed Sigmund
  2703 | D:3      | Reached XP level 5. HP: 33/33 MP: 8/8
  2703 | D:3      | Reached XP level 6. HP: 38/38 MP: 9/9
  2862 | D:3      | Noticed Grinder
  2862 | D:3      | Paralysed by Grinder for 2 turns
  2925 | D:3      | Paralysed by Grinder for 5 turns
  2936 | D:3      | Paralysed by Grinder for 2 turns
  2947 | D:3      | Killed Grinder
  2948 | D:3      | Reached skill level 5 in Transmutations
  2948 | D:3      | Reached XP level 7. HP: 15/43 MP: 10/10
  3210 | D:3      | Found a shadowy altar of Dithmenos.
  3387 | D:3      | Found a sparkling altar of Nemelex Xobeh.
  3723 | D:4      | Reached skill level 1 in Stealth
  3853 | D:4      | Found a staircase to the Ecumenical Temple.
  3956 | Temple   | Entered the Ecumenical Temple
  4096 | Temple   | Fell from the grace of Ru
  4096 | Temple   | Became a worshipper of Sif Muna the Loreminder
  4816 | D:4      | Learned a level 4 spell: Summon Ice Beast
  4817 | D:5      | Entered Level 5 of the Dungeon
  4817 | D:5      | Found Aniarop's Antique Weapon Shop.
  4891 | D:5      | Found Vaecwy's Jewellery Emporium.
  5159 | D:5      | Identified the +3 robe of Gluttony {rElec rN+ Int-4 SInv}
  5223 | D:5      | Reached XP level 8. HP: 24/50 MP: 9/11
  5472 | D:5      | Got the Catalogue of the Hindering Volcanoes
  5689 | D:6      | Reached skill level 5 in Poison Magic
  5735 | D:6      | Found a glowing silver altar of Zin.
  6013 | D:6      | Noticed Pikel
  6024 | D:6      | Noticed Eustachio
  6031 | D:6      | Killed Pikel
  6050 | D:6      | Found an ancient bone altar of Kikubaaqudgha.
  6156 | D:6      | Killed Eustachio
  6157 | D:6      | Reached skill level 5 in Unarmed Combat
  6336 | D:6      | Noticed Edmund
  6357 | D:6      | Killed Edmund
  6358 | D:6      | Reached XP level 9. HP: 57/57 MP: 11/13
  6624 | D:6      | Found a white marble altar of Elyvilon.
  7044 | D:7      | Noticed Maggie
  7059 | D:7      | Killed Maggie
  7060 | D:7      | Reached skill level 5 in Stealth
  7328 | D:7      | Learned a level 4 spell: Ice Form
  7377 | D:7      | Reached * piety under Sif Muna
  7683 | D:7      | Reached skill level 1 in Ice Magic
  7890 | D:5      | Bought a +4 ring of protection for 396 gold pieces
  8302 | D:8      | Found a snail-covered altar of Cheibriados.
  8716 | D:8      | Found an iron altar of Okawaru.
  8944 | D:8      | Reached XP level 10. HP: 28/55 MP: 13/16
  9948 | D:9      | Reached skill level 5 in Spellcasting
  9952 | D:9      | Found a hazy altar of Hepliaklqana.
  9996 | D:9      | Noticed a two-headed ogre
 10004 | D:9      | Killed a two-headed ogre
 10005 | D:9      | Reached skill level 5 in Ice Magic
 10685 | D:9      | Reached skill level 5 in Fighting
 10910 | D:10     | Entered Level 10 of the Dungeon
 10913 | D:10     | Found a flagged portal.
 10920 | D:10     | Identified the +2 spear "Wiutuit" {elec, +Blink Str+2
                  | Dex+2}
 10927 | Bailey   | Entered a bailey
 11090 | Bailey   | Reached ** piety under Sif Muna
 11186 | Bailey   | Noticed a gargoyle
 11271 | Bailey   | Killed a gargoyle
 11272 | Bailey   | Reached XP level 11. HP: 72/72 MP: 11/18
 11775 | D:10     | Found a staircase to the Lair.
 11840 | D:10     | Noticed Harold
 11939 | D:9      | Reached *** piety under Sif Muna
 12682 | D:10     | Killed Harold
 12852 | D:10     | Found a basalt altar of Yredelemnul.
 12857 | D:10     | Identified the ring "Yddol" {*Slow rElec rPois Will+++
                  | MP+9}
 13688 | D:10     | Found a staircase to the Orcish Mines.
 13800 | D:11     | Noticed Psyche
 13842 | D:10     | Killed Psyche
 13843 | D:10     | Reached skill level 1 in Summonings
 13941 | D:11     | Identified the +9 whip of the Inferno {vorpal, Drain Fly
                  | rElec rPois}
 14012 | D:11     | Noticed a four-headed hydra
 14017 | D:11     | Killed a four-headed hydra
 14018 | D:11     | Reached skill level 1 in Evocations
 14451 | D:11     | Noticed a centaur warrior
 14453 | D:11     | Noticed a deep troll earth mage
 14456 | D:11     | Killed a centaur warrior
 14470 | D:11     | Noticed a tengu warrior
 14479 | D:11     | Killed a tengu warrior
 14640 | D:11     | Noticed a deep elf pyromancer
 14646 | D:11     | Killed a deep elf pyromancer
 14797 | D:11     | Noticed a death knight
 14811 | D:11     | Killed a death knight
 15025 | D:11     | Noticed a seven-headed hydra
 15031 | D:11     | Killed a seven-headed hydra
 15239 | D:11     | Killed a deep troll earth mage
 15240 | D:11     | Reached XP level 12. HP: 71/78 MP: 17/21
 15488 | D:11     | Noticed a sun demon
 15492 | D:11     | Reached skill level 10 in Transmutations
 15495 | D:11     | Noticed a soul eater
 15495 | D:11     | Reached **** piety under Sif Muna
 16325 | D:12     | Found a sacrificial altar of Ru.
 16352 | D:12     | Found a runed translucent door.
 16352 | D:12     | Noticed leafyfresh's ghost (journeyman OpTm)
 16426 | D:12     | Reached skill level 5 in Dodging
 16488 | D:12     | Noticed a two-headed ogre
 16925 | D:11     | Identified a scroll of acquirement
 16925 | D:11     | Acquired 601 gold pieces
 17057 | D:5      | Bought a +4 ring of protection for 396 gold pieces
 17180 | Lair:1   | Entered Level 1 of the Lair of Beasts
 17194 | Lair:1   | Noticed a six-headed hydra
 17206 | Lair:1   | Killed a six-headed hydra
 17739 | Lair:1   | Found a runed translucent gate.
 17739 | Lair:1   | Found a runed translucent gate.
 17740 | Lair:1   | Found a runed translucent gate.
 17741 | Lair:1   | Noticed AverageBear's ghost (journeyman DsFi)
 17741 | Lair:1   | Noticed DemonSlayer's ghost (journeyman DsEE)
 17742 | Lair:1   | Noticed scisormetimb3rs's ghost (novice PaFi)
 17742 | Lair:1   | Noticed Palms's ghost (journeyman GnWn)
 18156 | Lair:2   | Found a staircase to the Swamp.
 18550 | Lair:2   | Found a staircase to the Snake Pit.
 18675 | Lair:2   | Identified the +1 leather armour of Ugaader {Will+ Dex+6}
 18701 | Lair:2   | Reached XP level 13. HP: 86/86 MP: 22/24
 19509 | Lair:2   | Reached ***** piety under Sif Muna
 19510 | Lair:2   | Reached skill level 1 in Invocations
 19715 | Lair:2   | Received a gift from Sif Muna
 19718 | Lair:2   | Got Amas's Writings on Vapour and Glamour {god gift}
 20012 | Lair:3   | Found a transporter.
 20060 | Lair:3   | Found a transporter.
 20084 | Lair:3   | Noticed fitz's ghost (journeyman HOFi)
 20202 | Lair:3   | Reached skill level 5 in Summonings
 20222 | Lair:3   | Killed fitz's ghost
 20408 | Lair:3   | Got the Commentary on the Petrified Congregation
 20941 | Lair:3   | Acquired 691 gold pieces
 21244 | Lair:3   | Noticed a dire elephant
 21267 | Lair:3   | Killed a dire elephant
 21540 | Lair:3   | Learned a level 4 spell: Summon Lightning Spire
 21546 | Lair:3   | Learned a level 5 spell: Summon Mana Viper
 21554 | Lair:3   | Learned a level 7 spell: Dragon Form
 21567 | Lair:4   | You fall into a shaft and drop 1 floor!
 21567 | Lair:5   | Entered Level 5 of the Lair of Beasts
 21690 | Lair:5   | Reached XP level 14. HP: 74/93 MP: 22/27
 21710 | Lair:4   | Reached skill level 1 in Hexes
 21710 | Lair:4   | Reached skill level 1 in Air Magic
 22218 | Lair:4   | Received a gift from Sif Muna
 22398 | Lair:4   | Found a staircase to the Slime Pits.
 22649 | Lair:4   | Found a viscous altar of Jiyva.
 24184 | Lair:5   | Identified the ring of Optimism {rPois rCorr MP-9 Dex+6}
 25628 | Lair:5   | Found a corrupted altar of Lugonu.
 25628 | Lair:5   | Found a one-way gate to the infinite horrors of the Abyss.
 25638 | Lair:5   | Got Erchad's Book of the Blaze and Blasphemous Liturgies
 26439 | Orc:1    | Entered Level 1 of the Orcish Mines
 26439 | Orc:1    | Noticed Maurice
 26458 | Orc:1    | Noticed Fannar
 26475 | D:10     | Reached skill level 10 in Spellcasting
 26681 | D:10     | Reached XP level 15. HP: 63/99 MP: 25/29
 26903 | D:10     | Killed Maurice
 26937 | Orc:1    | Killed Fannar
 27305 | Orc:2    | Entered Level 2 of the Orcish Mines
 27353 | Orc:2    | Noticed an orc warlord
 27365 | Orc:2    | Killed an orc warlord
 27393 | Orc:2    | Found a staircase to the Elven Halls.
 27703 | Orc:2    | Received a gift from Sif Muna
 27859 | Orc:2    | Noticed an orc warlord
 28414 | Orc:2    | Killed an orc warlord
 28561 | Orc:2    | Noticed an orc warlord
 28585 | Orc:2    | Killed an orc warlord
 29496 | Orc:2    | Found Ozxump's Antique Armour Shop.
 29497 | Orc:2    | Found Xuaffup's Antique Weapon Boutique.
 29499 | Orc:2    | Found Kuhips's General Store.
 29499 | Orc:2    | Found Uqiafaumay's Jewellery Shop.
 29595 | Orc:2    | Bought a runed arbalest for 172 gold pieces
 30085 | Orc:2    | Bought the ring "Ureozugi" {Fly rCorr Str+5 Dex-2} for 546
                  | gold pieces
 30395 | D:12     | Found Iwnoi's Jewellery Emporium.
 30905 | D:12     | Killed leafyfresh's ghost
 31333 | D:13     | Received a gift from Sif Muna
 31369 | D:13     | Reached skill level 10 in Unarmed Combat
 31801 | D:13     | Got the Grimoire of the Blizzard
 32076 | D:13     | Identified the +4 helmet of Runaz {rPois Dex+4}
 32475 | D:13     | Reached skill level 5 in Hexes
 32737 | D:13     | Found a gate to the Vaults.
 33268 | Orc:1    | Noticed Erica
 33272 | Orc:2    | Killed Erica
 33995 | D:14     | Reached XP level 16. HP: 108/108 MP: 23/30
 34010 | D:14     | Reached skill level 1 in Shields
 34248 | D:13     | Received a gift from Sif Muna
 34249 | D:13     | Got Sif Muna's Directory of Terrestrial Poisoning {god
                  | gift}
 35445 | D:14     | Identified the +1 robe of Inquiry {Int+2}
 35832 | D:15     | Entered Level 15 of the Dungeon
 36872 | D:15     | Found a staircase to the Depths.
 37061 | D:15     | Reached skill level 10 in Fighting
 37109 | D:15     | Learned a level 7 spell: Monstrous Menagerie
 37261 | D:15     | Reached skill level 5 in Invocations
 37523 | D:15     | Identified the +0 chain mail of Tomorrow {Dex+4}
 37543 | D:15     | Noticed Jorgrun
 37552 | D:15     | Killed Jorgrun
 37789 | D:15     | Found Vaefilow's Antique Armour Boutique.
 38051 | Snake:1  | Entered Level 1 of the Snake Pit
 39509 | Snake:1  | Reached skill level 10 in Dodging
 39525 | Snake:1  | Reached skill level 10 in Summonings
 39925 | Snake:1  | Found Gasiz's Weapon Emporium.
 41517 | Snake:2  | Reached XP level 17. HP: 115/115 MP: 11/31
 41975 | Snake:2  | Found Xuymim's General Store.
 42026 | Snake:2  | Bought a scroll of magic mapping for 127 gold pieces
 42074 | Snake:2  | You are sucked into a shaft and drop 1 floor!
 42081 | Snake:3  | Received a gift from Sif Muna
 42560 | Snake:3  | Learned a level 6 spell: Statue Form
 42640 | Snake:3  | Reached skill level 1 in Earth Magic
 43289 | Snake:3  | Reached skill level 15 in Transmutations
 43456 | Snake:3  | Acquired 798 gold pieces
 43907 | Snake:3  | Received a gift from Sif Muna
 43916 | Snake:3  | Got Sif Muna's Compilation of Hiemal Spellbinding {god
                  | gift}
 44230 | Snake:4  | Entered Level 4 of the Snake Pit
 44284 | Snake:4  | Reached skill level 5 in Earth Magic
 45566 | Snake:4  | Reached XP level 18. HP: 120/120 MP: 26/33
 46067 | Snake:4  | Received a gift from Sif Muna
 46073 | Snake:4  | Got Sif Muna's Handbook of Putrescence and Unholy Magicks
                  | {god gift}
 46576 | Snake:4  | Noticed a quicksilver dragon
 46636 | Snake:4  | Noticed a quicksilver dragon
 47095 | Snake:4  | Killed a quicksilver dragon
 47363 | Snake:4  | Got a serpentine rune of Zot
 47553 | Swamp:1  | Entered Level 1 of the Swamp
 47710 | Swamp:1  | Noticed a tentacled monstrosity
 47723 | Swamp:1  | Killed a tentacled monstrosity
 47898 | Swamp:1  | Identified the +1 war axe "Zucse" {vorpal, rPois rN+++
                  | rCorr Int-4}
 50036 | Swamp:2  | Received a gift from Sif Muna
 50044 | Swamp:2  | Got Sif Muna's Quarto of the Friendly Atmosphere {god gift}
 51567 | Swamp:4  | Entered Level 4 of the Swamp
 51817 | Swamp:4  | Reached XP level 19. HP: 126/126 MP: 19/35
 52773 | Swamp:4  | Got a decaying rune of Zot
 53325 | Vaults:1 | Entered Level 1 of the Vaults
 53742 | Vaults:1 | Received a gift from Sif Muna
 53757 | Vaults:1 | Got Ditef Igu's Octavo of Gathered Weather {god gift}
 54069 | Vaults:1 | Noticed Saint Roka
 54093 | Vaults:1 | Killed Saint Roka
 54529 | Vaults:1 | You are sucked into a shaft and drop 1 floor!
 54763 | Vaults:1 | Found Xigruat's General Store.
 54765 | Vaults:1 | Identified the +4 quarterstaff of the Arena {drain, rElec
                  | rF+ Str+2 Dex+3}
 54775 | Vaults:1 | Bought a scroll of teleportation for 45 gold pieces
 54775 | Vaults:1 | Bought a wand of polymorph (6) for 126 gold pieces
 54890 | Vaults:1 | Found a runed translucent gate.
 54890 | Vaults:1 | Found a runed translucent gate.
 54890 | Vaults:1 | Found a runed translucent gate.
 54890 | Vaults:1 | Noticed Bailed's ghost (veteran MiMo)
 55506 | Vaults:1 | Found a viscous altar of Jiyva.
 55895 | Vaults:2 | Reached skill level 10 in Stealth
 56049 | Vaults:2 | Found Lekein's Magic Scroll Boutique.
 56060 | Vaults:2 | Bought a scroll of blinking for 105 gold pieces
 56064 | Vaults:2 | Bought a scroll of teleportation for 42 gold pieces
 56090 | Vaults:2 | Noticed Asterion
 56099 | Vaults:2 | Killed Asterion
 56361 | Vaults:2 | Reached XP level 20. HP: 132/132 MP: 34/37
 56467 | Vaults:2 | Received a gift from Sif Muna
 56468 | Vaults:2 | Got Dach's Parchment of Congelation {god gift}
 57948 | Vaults:2 | Identified the +2 war axe of Upheaval {flame, rCorr}
 57951 | Vaults:2 | Identified the +4 morningstar "Giokk" {vorpal, rElec rC+
                  | Will+}
 58377 | Vaults:2 | Found a staircase to the Crypt.
 58999 | Vaults:3 | Received a gift from Sif Muna
 60585 | Vaults:3 | Reached XP level 21. HP: 137/137 MP: 31/38
 60602 | Vaults:3 | Learned a level 6 spell: Summon Cactus Giant
 61071 | Vaults:4 | Received a gift from Sif Muna
 61074 | Vaults:4 | Got Gonuang's Grimoire of Minerals and the Spider {god
                  | gift}
 61147 | Vaults:4 | Noticed Donald
 61160 | Vaults:4 | Killed Donald
 61696 | Vaults:4 | Noticed Jory
 61704 | Vaults:4 | Killed Jory
 62918 | Vaults:4 | Noticed Bai Suzhen
 62930 | Vaults:4 | Killed Bai Suzhen
 63450 | Vaults:5 | Entered Level 5 of the Vaults
 63548 | Vaults:5 | Noticed an ancient lich
 63952 | Vaults:4 | Reached skill level 15 in Unarmed Combat
 64608 | Vaults:4 | Received a gift from Sif Muna
 64622 | Vaults:4 | Reached ****** piety under Sif Muna
 64624 | Vaults:4 | Got Veox's Discourse on the Mutated Commander {god gift}
 64861 | Vaults:5 | Noticed an ancient lich
 64993 | Vaults:5 | Reached skill level 15 in Stealth
 65375 | Vaults:5 | Reached XP level 22. HP: 142/142 MP: 32/39
 65383 | Vaults:5 | Killed an ancient lich
 65441 | Vaults:5 | Identified the +3 ring mail of the Heavens {Rampage rElec
                  | rN+ Int+2}
 65442 | Vaults:5 | Identified the +7 scimitar of Boddeo {flame, Dex+2}
 65446 | Vaults:5 | Reached skill level 10 in Invocations
 65773 | Vaults:5 | Identified the +5 great mace of Opiluriff {flame, rCorr
                  | Int+2 SInv}
 65843 | Vaults:5 | Noticed a golden dragon
 65851 | Vaults:5 | Killed a golden dragon
 66090 | Vaults:5 | Killed an ancient lich
 66114 | Vaults:5 | Identified the ring of Giqa {Fly Dex+3}
 66129 | Vaults:5 | Received a gift from Sif Muna
 66137 | Vaults:5 | Got Sif Muna's Codex of Displacement and the Salvo {god
                  | gift}
 66186 | Vaults:5 | Reached skill level 15 in Dodging
 66201 | Vaults:5 | Got Renyepn's Volume of the Scorched Retinue
 66231 | Vaults:5 | Noticed a dread lich
 66239 | Vaults:5 | Reached skill level 15 in Summonings
 66665 | Vaults:5 | Killed a dread lich
 66717 | Vaults:5 | Noticed a dread lich
 66731 | Vaults:5 | Killed a dread lich
 67064 | Vaults:5 | Got a silver rune of Zot
 67187 | Vaults:5 | Got the Grimoire of Atmospheric Vitiation
 68102 | Depths:1 | Entered Level 1 of the Depths
 68292 | Abyss:2  | Cast into level 2 of the Abyss (hell knight)
 68583 | Abyss:2  | Received a gift from Sif Muna
 68599 | Abyss:2  | Got Sif Muna's Dissertation on Wicked Magic and Charms {god
                  | gift}
 68704 | Abyss:2  | Gained mutation: Your magical capacity is low. (-10% MP) [a
                  | cacodemon]
 69029 | Depths:1 | Escaped the Abyss
 69430 | Depths:1 | Found a gateway to Hell.
 69657 | Depths:1 | Reached XP level 23. HP: 146/146 MP: 25/36
 70514 | Depths:1 | Found Dazuam's General Store.
 70522 | Depths:1 | Bought a potion of haste for 140 gold pieces
 70522 | Depths:1 | Bought a scroll of teleportation for 42 gold pieces
 70561 | Depths:1 | Found a broken altar of Ashenzari.
 71251 | Depths:2 | Received a gift from Sif Muna
 71260 | Depths:2 | Got Sif Muna's Discourse on Leadership and Changing {god
                  | gift}
 71807 | Depths:2 | Learned a level 2 spell: Passwall
 71881 | Depths:2 | Found a one-way gate leading to the halls of Pandemonium.
 72105 | Depths:2 | Found a corrupted altar of Lugonu.
 72110 | Depths:2 | Found a one-way gateway to a ziggurat.
 72692 | Depths:3 | You are sucked into a shaft and drop 1 floor!
 72692 | Depths:4 | Entered Level 4 of the Depths
 73753 | Depths:3 | Noticed a caustic shrike
 73760 | Depths:3 | Killed a caustic shrike
 73944 | Depths:3 | Learned a level 7 spell: Summon Hydra
 74276 | Depths:3 | Reached skill level 10 in Earth Magic
 74299 | Depths:3 | Slain by a vampire knight

Illustrated notes

Levels and vault maps discovered:
D:1:      sevenhm_arrival_forest_fort_small_3, layout_basic,
          dreamdust_ecumenical_altar_grove, minmay_statues_item
D:2:      layout_rooms, basic_altar, minmay_hexomino_r4, uniq_jessica
D:3:      layout_basic, lemuel_doored_altar, pf_just_have_faith, uniq_sigmund,
          uniq_grinder
D:4:      layout_loops_ring, minmay_temple_entry_tees, grunt_ministairs_1
D:5:      layout_gridville, serial_shops, shop, nicolae_take_the_stairs
D:6:      layout_cave_pools, amcnicky_altar_gilded, mainiacjoe_overflow_swirl,
          hangedman_decor_peaks_small, minmay_misc_feat_chi, uniq_eustachio,
          uniq_edmund, uniq_pikel
D:7:      layout_gridville, uniq_maggie
D:8:      layout_layer_cave, okawaru_trees_1, cheibriados_altar_1,
          serial_bayou_crossing
D:9:      layout_roguey, nicolae_hepliaklqana_hazy_memory
D:10:     layout_basic, mainiacjoe_overflow_brackets, lair_entry_dummy,
          erik_orc_1, enter_bailey_2, uniq_harold
D:11:     layout_irregular_city, minmay_evil_grid, uniq_psyche
D:12:     layout_long_grid, serial_shops, shop, gammafunk_ghost_grave,
          grunt_decor_mini_mirrors, nicolae_ru_path_of_blood
D:13:     cheibrodos_wizards_tower, layout_basic, david_vaults_5
D:14:     layout_layer_cave, serial_park_paths [serial_park_minivault_5x5_8]
D:15:     hangedman_depths_entry_try_elsewhere_first, layout_irregular_city,
          serial_shops, nicolae_shop_behind_doors, water_boxes_lemuel,
          uniq_jorgrun
Temple:   hellmonk_temple_forest_ring
Lair:1:   layout_misc_corridors, gammafunk_ghost_cemetery, grunt_megastairs_4,
          serial_bayou_shore_a
Lair:2:   layout_loops_ring, skrybe_swamp_entry_bodies,
          minmay_snake_entry_guardpost_small, nicolae_lair_run_with_the_wolves,
          infiniplex_staircase_pool_2
Lair:3:   layout_gridlike, nzn_ghost_randoct, nicolae_lair_lakeside_cave
Lair:4:   layout_hall_layers, minmay_slime_entry_oklob_open, grunt_megastairs_2,
          lemuel_fruit_fields
Lair:5:   hellmonk_lair_end_abyssal_woods, layout_hall_layers, evilmike_ambush
          [evilmike_ambush_outer_basic, evilmike_ambush_inner_basic]
Swamp:1:  layout_basic_swamp, evilmike_swamp_ruin_house_3
Swamp:2:  cheibrodos_swamp_heart_of_darkness, layout_basic_swamp,
          evilmike_swamp_ruin_rubble_2
Swamp:3:  layout_basic_swamp, evilmike_swamp_ruin_house_6
Swamp:4:  swamp_fiery, layout_basic_swamp, nicolae_swamp_triple_paths
Snake:1:  cheibrodos_snake_lava_hold, layout_layer_cave, serial_shops,
          nicolae_shop_bloodbath_and_beyond
Snake:2:  nicolae_sea_snake_s, layout_rooms, serial_shops,
          nicolae_shop_window_shopping
Snake:3:  nicolae_snake_crotalidae_crossing, layout_misc_corridors, st_stairs_3,
          grunt_ministairs_2, nicolae_snake_shapes
Snake:4:  hellmonk_snake_rune_quicksilver_temple, layout_cave_town,
          grunt_megastairs_3, lemuel_fruit_tree
Orc:1:    layout_diamond_mine, uniq_maurice, uniq_fannar, uniq_erica
Orc:2:    st_orc_congregation, layout_diamond_mine, basic_altar
Vaults:1: gammafunk_ghost_ooze, v_pattern_2, dpeg_vaults_waves,
          vaults_room_ringed_pool, vaults_dpeg_diagonal,
          vaults_standard_mumra_x, vaults_dpeg_ring, layout_vaults_omnigrid,
          serial_shops, nicolae_shop_hallway_plus, uniq_saint_roka
Vaults:2: minmay_crypt_entry_vampire_xt, v_misc_14, v_rooms_3,
          hangedman_vaults_impose, nicolae_vaults_border_crossing,
          vaults_mumra_chevron_long, hangedman_vaults_nodes, vaults_dpeg_doors,
          hangedman_vaults_maws, v_misc_1, nicolae_vaults_little_squares_1,
          grunt_vaults_diagonal, st_spiral_rooms, layout_vaults_omnibox,
          serial_shops, nicolae_shop_competitors_out_of_business, uniq_asterion
Vaults:3: nicolae_vaults_little_squares_3, nicolae_vaults_specimen_jars,
          v_misc_5, v_misc_23, vaults_standard_mumra_lines, v_rooms_2,
          nicolae_vaults_network_periphery, vaults_room_fancy_cross,
          ontoclasm_vaults_spin, v_alt_pattern_5, layout_vaults_maze_snakey
Vaults:4: nicolae_vaults_sealed_display, v_alt_pattern_3,
          hangedman_vaults_stagger, vaults_room_corners, hangedman_vaults_pinch,
          v_misc_18, vaults_room_grunt_arrival_ludios,
          nicolae_vaults_shelves_hall, v_misc_14, layout_vaults_chaotic_city,
          uniq_jory, uniq_margery, uniq_bai_suzhen, uniq_donald
Vaults:5
Depths:1: layout_gridlike, serial_shops, nicolae_shop_crystal, hell_entry,
          cheibrodos_ashenzari_chains, nooodl_orcs_dogs
Depths:2: minmay_containers, layout_gridlike, enter_ziggurat_a,
          lightli_too_deep, grunt_pan_entry_sceptre, grunt_decor_fettered,
          tgw_lugonu_bribe, infiniplex_staircase_door_maze
Depths:3: minmay_diamond_stairs, layout_small_grid, hangedman_geh_valley,
          hangedman_abyss_entry_splay, hangedman_decor_clover_reticule,
          firewood_loft, kennysheep_random_hallway, infiniplex_staircase_pool_1
Depths:4: grunt_x_marks_the_spot, layout_twisted_cross,
          grunt_pan_entry_in_and_out, serial_shops, shop,
          pf_hell_entry_tar_river, hangedman_decor_riveting,
          nicolae_gozag_seed_capital, minmay_shop_grove

Skill      XL: |  1  2  3  4  5  6  7  8  9 10 11 12 13 14 15 16 17 18 19 20 21 22 23 |
---------------+----------------------------------------------------------------------+-----
Transmutations | 3 4 5 6 7 9 11 12 13 14 15 16 17 | 17.0
Unarmed Combat | 4 5 6 7 8 9 10 11 12 13 14 15 16 | 16.8
Poison Magic   | 1 3 4 6 |  6.0
Stealth        | 2 4 5 6 7 10 13 15 17 | 17.4
Fighting       | 2 3 5 7 8 9 10 | 10.2
Dodging        | 3 4 6 7 9 10 11 12 13 14 15 16 | 16.0
Spellcasting   | 3 4 5 6 7 9 10 11 12 13 | 13.3
Ice Magic      | 3 6 |  6.3
Summonings     | 4 6 8 9 10 11 12 13 14 15 16 | 16.2
Evocations     | 3 4 |  4.5
Invocations    | 4 6 7 9 11 | 11.6
Hexes          | 3 5 |  5.3
Air Magic      | 3 |  3.4
Shields        | 3 4 |  4.3
Earth Magic    | 7 9 10 | 10.0

Action                   |  1- 3 |  4- 6 |  7- 9 | 10-12 | 13-15 | 16-18 | 19-21 | 22-24 || total
-------------------------+-------+-------+-------+-------+-------+-------+-------+-------++-------
Melee: Unarmed           |    70 |    48 |   276 |   570 |   721 |   635 |   789 |   461 ||  3570
       Constrict         |    24 |    11 |    19 |       |     2 |    38 |    31 |    25 ||   150
       Kick              |    19 |    11 |    17 |       |       |       |       |       ||    47
       Tentacles         |    20 |     8 |    11 |       |     4 |    83 |    79 |    52 ||   257
       Punch             |     1 |       |       |       |     4 |    44 |   103 |    76 ||   228
       Dagger            |    15 |       |       |       |       |       |       |       ||    15
       Staff             |       |       |       |     1 |     4 |    27 |       |       ||    32
       Tailslap          |       |       |       |       |     7 |    56 |   125 |    72 ||   260
       Bite              |       |       |       |       |     6 |    43 |    96 |    60 ||   205
 Fire: Arbalest          |       |       |       |       |     2 |     2 |       |       ||     4
Throw: Stone             |     1 |     1 |     2 |     2 |     1 |     4 |       |     1 ||    12
 Cast: Beastly Appendage |    27 |    11 |    14 |     1 |       |       |       |       ||    53
       Spider Form       |       |     2 |    29 |     8 |     1 |       |       |       ||    40
       Ice Form          |       |       |       |    55 |    82 |    20 |       |       ||   157
       Summon Ice Beast  |       |       |       |     4 |   154 |    92 |    18 |     1 ||   269
       Summon Lightning  |       |       |       |       |    94 |   131 |    62 |    37 ||   324
       Summon Mana Viper |       |       |       |       |    42 |    44 |    17 |     6 ||   109
       Dragon Form       |       |       |       |       |    12 |    52 |    63 |    38 ||   165
       Statue Form       |       |       |       |       |       |    30 |    24 |    20 ||    74
       Monstrous Menager |       |       |       |       |       |       |    40 |    46 ||    86
       Summon Cactus Gia |       |       |       |       |       |       |     8 |    19 ||    27
       Summon Hydra      |       |       |       |       |       |       |       |     3 ||     3
       Passwall          |       |       |       |       |       |       |       |     1 ||     1
Invok: Channel Magic     |       |       |       |       |     4 |     1 |     2 |     3 ||    10
       Forget Spell      |       |       |       |       |       |       |       |     1 ||     1
 Abil: End Transformatio |       |       |       |     1 |       |       |       |       ||     1
  Use: Scroll            |     2 |       |    14 |    14 |     9 |     7 |     5 |     7 ||    58
       Potion            |       |     1 |     4 |     6 |     4 |     3 |     1 |     6 ||    25
 Stab: Sleeping          |     5 |     1 |     8 |    13 |     3 |     2 |     4 |       ||    36
       Distracted        |       |       |       |     1 |    17 |    14 |    21 |    11 ||    64
       Confused          |       |       |       |       |       |     1 |       |       ||     1
       Paralysed         |       |       |       |       |       |       |       |     1 ||     1
Armor: Skin              |    10 |     5 |    11 |   268 |   458 |   434 |   445 |   214 ||  1845
Dodge: Dodged            |    51 |    26 |   234 |   431 |   606 |   547 |   518 |   317 ||  2730
Block: Other             |       |       |       |   105 |   213 |   153 |    99 |    50 ||   620
       Reflection        |       |       |       |     3 |    23 |    19 |    21 |     6 ||    72
       Buckler           |       |       |       |       |       |    64 |   175 |    94 ||   333
